 Dungeon Crawl Stone Soup version 0.18-a0-1575-g920359c (webtiles) character file.

37 Chiseanne the Insei (level 3, -3/27 HPs)
             Began as a Demonspawn Transmuter on Mar 16, 2016.
             Killed from afar by Sigmund (11 damage)
             ... with a puff of flame
             ... on level 2 of the Dungeon.
             The game lasted 00:04:57 (1791 turns).

Chiseanne the Insei (Demonspawn Transmuter)         Turns: 1791, Time: 00:04:57

Health: -3/27      AC:  3    Str: 11    XL:     3   Next: 21%
Magic:  7/7        EV: 17    Int: 14    God:
Gold:   35         SH:  0    Dex: 18    Spells: 2 memorised, 4 levels left

rFire  . . .     SeeInvis .       - Unarmed
rCold  . . .     Gourm    .     j - +0 leather armour
rNeg   . . .     Faith    .     (no shield)
rPois  .         Spirit   .     (no helmet)
rElec  .         Dismiss  .     (no cloak)
rCorr  +         Reflect  .     (no gloves)
SustAt .         Harm     .     (no boots)
MR     .....                    (no amulet)
Stlth  ++........               (no ring)
                                i - ring of resist corrosion

@: agile, not resistant to hostile enchantments, unstealthy
A: powered by pain 1
a: no special abilities


You were on level 2 of the Dungeon.
You were not hungry.

You visited 1 branch of the dungeon, and saw 2 of its levels.

You collected 35 gold pieces.

Inventory:

Missiles
 a - 12 arrows
 e - 9 poisoned arrows
Armour
 j - a +0 leather armour (worn)
Jewellery
 i - a ring of resist corrosion (left hand)
Potions
 h - a potion of brilliance {unknown}
Books
 c - a book of Changes

   Spells                             Type                      Level
   a - Beastly Appendage              Transmutation                1
   b - Sticks to Snakes               Transmutation                2
   c - Spider Form                    Transmutation/Poison         3
   d - Ice Form                       Ice/Transmutation            4
   e - Blade Hands                    Transmutation                5
Comestibles
 d - 2 bread rations
 f - a meat ration
 g - 2 beef jerkies
 k - 2 chunks of flesh


   Skills:
 * Level 1.8 Fighting
 + Level 2.0 Dodging
 - Level 2.6 Unarmed Combat
 * Level 2.6 Spellcasting
 + Level 2.1 Transmutations


You had 4 spell levels left.
You knew the following spells:

 Your Spells              Type           Power        Failure   Level  Hunger
a - Beastly Appendage     Trmt           #.....       14%         1    #......
b - Sticks to Snakes      Trmt           #.......     21%         2    ###....


Dungeon Overview and Level Annotations

Branches:
Dungeon (2/15)

Altars:

Annotations:
D:2 Sigmund


Innate Abilities, Weirdness & Mutations

You sometimes gain a little power by taking damage.


Message History

Drink which item? (? for menu, Esc to quit)
You feel agile all of a sudden.
Sigmund says, "Don't worry, I'll kill you fast."
Sigmund hits you from afar with a scythe!
Ouch! That really hurt!
* * * LOW HITPOINT WARNING * * *
Number of times to repeat, then command key: You must enter the number of times for the command to repeat.
Unknown command.
Unknown command.
Sigmund casts a spell at you.
You are confused.
Sigmund completely misses you. Sigmund gestures at you while chanting.
You resist with significant effort.
You bump into the rock wall.
You feel less confused.
Sigmund points at you and mumbles some strange words.
The puff of flame hits you!
You die...

##.######.# #.######
#........# #.#
############### #.#
#.........# #.# #.# #.#
#.# #.# #.#### #)# #.#
#####....####.#####.
#.###....[..............
#...@..@.....###...#####
#.###.###.#####.>...#
#.###.###.# ##...##
#.........# ##.##
#.........# #.#
#####.##### #.# #.# #+#
#.# #.#


You could see Sigmund.

Vanquished Creatures
  An ooze (D:1)
  A giant gecko (D:1)
  4 bats
  A giant cockroach (D:2)
  2 goblins (D:1)
  4 hobgoblins
  4 jackals (D:2)
  6 kobolds
  A quokka (D:2)
  A ball python (D:1)
  2 giant newts
  3 rats
30 creatures vanquished.

Notes
Turn   | Place    | Note
--------------------------------------------------------------
     0 | D:1      | Chiseanne the Demonspawn Transmuter began the quest for the Orb.
     0 | D:1      | Reached XP level 1. HP: 15/15 MP: 3/3
   374 | D:1      | Gained mutation: You sometimes gain a little power by taking damage. [demonic ancestry]
   374 | D:1      | Reached XP level 2. HP: 21/21 MP: 1/5
  1400 | D:2      | Reached XP level 3. HP: 27/27 MP: 4/6
  1741 | D:2      | Learned a level 2 spell: Sticks to Snakes
  1778 | D:2      | Noticed Sigmund
  1791 | D:2      | Killed from afar by Sigmund

Vault maps used:
D:1:      saegor_arrival_simple_a, hangedman_decor_growths,
          columned_hall_lemuel, minivault_14
D:2:      kiku_gazebo_pond_becter, uniq_sigmund

Skill      XL: |  1  2 |
---------------+-------+-----
Transmutations | 2 |  2.1
Dodging        | 2 |  2.0
Fighting       | |  1.8
Unarmed Combat | |  2.6
Spellcasting   | |  2.6

Action                   || total
-------------------------++-------
Melee: Unarmed           ||   105
 Cast: Beastly Appendage ||    25
  Use: Scroll            ||     4
       Potion            ||     1
  Eat: Chunk             ||     3
